 Dungeon Crawl Stone Soup version 0.20.1-1-g8b1a95d (webtiles) character file.

1031 Jeelzebub the Tainter (level 8, -2/44 (46) HPs)
             Began as an Octopode Venom Mage on Aug 27, 2017.
             Slain by Menkaure (15 damage)
             ... on level 5 of the Dungeon.
             The game lasted 00:08:27 (4752 turns).

Jeelzebub the Tainter (Octopode Venom Mage)         Turns: 4752, Time: 00:08:28

HP:   -2/44 (46)    AC:  5    Str:  7    XL:     8   Next: 23%
MP:   21/23         EV: 20    Int: 19    God:
Gold: 200           SH:  6    Dex: 18    Spells: 8/15 levels left

rFire    . . .     SeeInvis .     - Unarmed
rCold    . . .     Gourm    .   (shield currently unavailable)
rNeg     . . .     Faith    .   (helmet currently unavailable)
rPois    x         Spirit   .   l - +6 amulet of reflection
rElec    .         Reflect  +   d - +3 ring of protection
rCorr    .         Harm     .   p - ring of magical power
MR       .....                  (no ring)
Stlth    +++.......             (no ring)
Regen    0.2/turn               (no ring)
MPRegen  0.2/turn               (no ring)
                                (no ring)
                                (no ring)

@: spider-form, hasted, very quick
A: almost no armour, stealthy swim, (amphibious), 8 rings, (constrict 8)
a: End Transformation


You were on level 5 of the Dungeon.
You were not hungry.
You were a venomous arachnid creature.
You visited 1 branch of the dungeon, and saw 5 of its levels.

You collected 200 gold pieces.

Inventory:

Jewellery
 d - a +3 ring of protection (left front leg)
 l - a +6 amulet of reflection (around neck)
 p - a ring of magical power (right front leg)
 u - an uncursed amulet of magic regeneration
Wands
 r - a wand of polymorph (12/24)
Scrolls
 c - 2 scrolls of noise {unknown}
 g - a scroll of fear {unknown}
 h - 5 scrolls of remove curse {unknown}
 i - a scroll of enchant armour {unknown}
 j - a scroll of identify {unknown}
 m - a scroll of amnesia {unknown}
 s - a scroll of fog {unknown}
 v - a scroll of recharging {unknown}
Potions
 e - 4 potions of curing {unknown}
 f - 2 potions of haste
 t - a potion of flight {unknown}
 w - a potion of ambrosia {unknown}
Books
 a - a Young Poisoner's Handbook

   Spells                             Type                      Level
   a - Sting                          Conjuration/Poison           1
   b - Poisonous Vapours              Poison/Air                   2
   c - Mephitic Cloud                 Conjuration/Poison/Air       3
   d - Olgreb's Toxic Radiance        Poison                       4
   e - Venom Bolt                     Conjuration/Poison           5
 n - a book of Changes

   Spells                             Type                      Level
   a - Beastly Appendage              Transmutation                1
   b - Sticks to Snakes               Transmutation                2
   c - Spider Form                    Transmutation/Poison         3
   d - Ice Form                       Ice/Transmutation            4
   e - Blade Hands                    Transmutation                5
Comestibles
 b - 3 bread rations
 k - 2 meat rations
 o - 7 fruits
 q - 2 royal jellies
 x - a chunk of flesh


   Skills:
 - Level 0.2 Fighting
 - Level 2.2 Dodging
 - Level 4.3 Stealth
 - Level 1.5 Unarmed Combat
 - Level 4.0 Spellcasting
 - Level 1.0 Conjurations
 + Level 10.0 Poison Magic


You had 8 spell levels left.
You knew the following spells:

 Your Spells              Type           Power        Failure   Level  Hunger
a - Sting                 Conj/Pois      ###.         6%          1    None
b - Mephitic Cloud        Conj/Pois/Air  ###.....     22%         3    ###....
c - Spider Form           Tmut/Pois      ###.......   16%         3    ###....


Dungeon Overview and Level Annotations

Branches:
Dungeon (5/15)
 Temple: D:4-7

Altars:
Okawaru
Ru

Annotations:
D:5 Menkaure


Innate Abilities, Weirdness & Mutations

You cannot wear most types of armour.
You are very stealthy in the water. (Stealth+)
((You are amphibious.))
You can wear up to eight rings at the same time.
((You can use your tentacles to constrict eight enemies at once.))
((Your skin changes colour to match your surroundings (Stealth+).))
((Your rubbery body absorbs attacks. (AC +1, EV +1)))


Message History

Menkaure shouts!
Something shouts, "Decamp, thou gorbellied crook-pated frater!"
Menkaure rustles, "It doesn't hurt if you pull your brain out of your nose yourself."
Menkaure calls on the powers of darkness!
Your body is wracked with pain!
You block Menkaure's attack.
An orc comes into view. It is wielding a short sword.
You hit Menkaure.
Menkaure is lightly damaged.
You hit Menkaure.
Menkaure is lightly damaged.
Menkaure barely misses you.
You hit Menkaure.
Menkaure is moderately damaged.
Menkaure calls on the powers of darkness!
Your body is wracked with pain!
* * * LOW HITPOINT WARNING * * *
The orc convulses!
It was a potion of haste.
You feel yourself speed up. Menkaure hits you!
You die...

....... ..#.#. #..... ##
#.... #.#### . #...# #.#
#..... #.# .#..#### #.#
o.. ..# #.# #M# #.# #.#
#s# #.##### #.# . #.#
#.....###.#
....##.###.###.....####
.....>......# #.........
.....######.###.########
.... #.....# ... #######
#. #


You could see Menkaure and an orc.

Vanquished Creatures
  An orc warrior (D:4)
  A sky beast (D:5)
  A necrophage (D:5)
  2 ogres (D:4)
  Blork the orc (D:5)
  4 hounds
  A centaur skeleton (D:4)
  2 orc wizards
  Natasha (twice) (D:2)
  2 iguanas (D:4)
  Jessica (D:3)
  2 worker ants
  6 adders
  An ooze (D:2)
  An adder skeleton (D:4)
  2 worms (D:2)
  2 dart slugs
  5 leopard geckos
  7 orcs
  A ball python (D:3)
  6 bats
  5 giant cockroaches
  10 goblins
  5 hobgoblins
  11 jackals
  6 kobolds
  2 quokkas
  2 frilled lizards
  4 rats
96 creatures vanquished.

Notes
Turn   | Place    | Note
-------+----------+-------------------------------------------
     0 | D:1      | Jeelzebub the Octopode Venom Mage began the quest for the Orb.
     0 | D:1      | Reached XP level 1. HP: 11/11 MP: 3/3
    72 | D:1      | Reached XP level 2. HP: 17/17 MP: 1/5
   446 | D:1      | Reached XP level 3. HP: 18/21 MP: 6/6
   467 | D:1      | Reached skill level 4 in Poison Magic
   975 | D:2      | Found an iron altar of Okawaru.
  1006 | D:2      | Learned a level 3 spell: Mephitic Cloud
  1213 | D:2      | Reached XP level 4. HP: 21/27 MP: 4/7
  1297 | D:2      | Noticed Natasha
  1303 | D:2      | Killed Natasha
  1303 | D:2      | Reached skill level 1 in Unarmed Combat
  1622 | D:2      | Noticed Natasha
  1632 | D:2      | Killed Natasha
  1632 | D:2      | Reached XP level 5. HP: 23/31 MP: 1/9
  1882 | D:3      | Noticed Jessica
  1889 | D:3      | Killed Jessica
  1961 | D:3      | Found a sacrificial altar of Ru.
  2117 | D:3      | Learned a level 3 spell: Spider Form
  2827 | D:3      | Reached XP level 6. HP: 36/36 MP: 12/12
  2865 | D:4      | Reached skill level 5 in Poison Magic
  3141 | D:4      | Reached skill level 6 in Poison Magic
  3317 | D:4      | Reached XP level 7. HP: 41/41 MP: 13/13
  3445 | D:4      | Reached skill level 7 in Poison Magic
  3694 | D:4      | Reached skill level 8 in Poison Magic
  3953 | D:5      | Entered Level 5 of the Dungeon
  4119 | D:5      | Reached skill level 9 in Poison Magic
  4136 | D:5      | Reached XP level 8. HP: 24/46 MP: 14/14
  4598 | D:5      | Noticed Blork the orc
  4615 | D:5      | Killed Blork the orc
  4615 | D:5      | Reached skill level 10 in Poison Magic
  4742 | D:5      | Noticed Menkaure
  4752 | D:5      | Slain by Menkaure

Skill      XL: |  1  2  3  4  5  6  7  8 |
---------------+-------------------------+-----
Stealth        | 3 4 |  4.3
Poison Magic   | 4 6 9 10 | 10.0
Unarmed Combat | 1 |  1.5
Spellcasting   | 4 |  4.0
Fighting       | |  0.2
Dodging        | |  2.2
Conjurations   | |  1.0

Action                   |  1- 3 |  4- 6 |  7- 9 || total
-------------------------+-------+-------+-------++-------
Melee: Unarmed           |    86 |    81 |    49 ||   216
       Constrict         |    23 |    19 |     2 ||    44
       Tentacles         |    16 |    12 |       ||    28
 Cast: Sting             |    31 |    67 |    68 ||   166
       Mephitic Cloud    |       |     2 |     7 ||     9
       Spider Form       |       |     1 |     5 ||     6
  Use: Potion            |       |       |     1 ||     1
 Stab: Sleeping          |     7 |     5 |       ||    12
       Paralysed         |       |     1 |       ||     1
  Eat: Chunk             |     1 |     7 |     6 ||    14
Armor: Skin              |    24 |    11 |     3 ||    38
Dodge: Dodged            |    38 |    37 |    26 ||   101
Block: Other             |    10 |    22 |     8 ||    40
       Reflection        |       |     1 |       ||     1
